 Dungeon Crawl Stone Soup version 0.21.1-1-g345015f (webtiles) character file.

12 Mgcat the Grasshopper (level 2, -1/13 HPs)
             Began as a Felid Warper on Mar 20, 2018.
             Slain by an adder (4 damage)
             ... on level 2 of the Dungeon.
             The game lasted 00:02:34 (619 turns).

Mgcat the Grasshopper (Felid Warper)                 Turns: 619, Time: 00:02:35

Health: -1/13      AC:  1    Str:  7    XL:     2   Next: 20%
Magic:  6/6        EV: 18    Int: 14    God:
Gold:   64         SH:  0    Dex: 15    Spells: 1/5 levels left
                                        Lives:  0   Deaths: 0

rFire    . . .     SeeInvis +     - Unarmed
rCold    . . .     Gourm    .   (shield unavailable)
rNeg     . . .     Faith    .   (armour unavailable)
rPois    .         Spirit   .   (helmet unavailable)
rElec    .         Reflect  .   (cloak unavailable)
rCorr    .         Harm     .   (gloves unavailable)
MR       .....                  (boots unavailable)
Stlth    ++........             (no amulet)
HPRegen  0.04/turn              (no ring)
MPRegen  0.10/turn              (no ring)

@: lethally poisoned (-1 -> -7), quick
A: very small, no armour, no weapons or thrown items, stealth, claws 1, fangs 3,
see invisible, carnivore, speed 1, shaggy fur 1, slow metabolism 1, sharp paws
a: no special abilities


You were on level 2 of the Dungeon.
You were completely stuffed.

You visited 1 branch of the dungeon, and saw 2 of its levels.

You collected 64 gold pieces.

Inventory:

Scrolls
 b - a scroll of blinking {!r}
 d - a scroll of fog {unknown}
 e - a scroll of magic mapping {unknown}
 g - a scroll of identify {unknown}
 h - a scroll of immolation {unknown}
Books
 a - a book of Spatial Translocations
Comestibles
 c - 5 rations
 f - 3 chunks of flesh {@w0}


   Skills:
 + Level 2.4 Fighting
 - Level 3.2 Dodging
 + Level 2.4 Unarmed Combat
 - Level 2.0 Spellcasting
 - Level 4.4 Translocations


You had one spell level left.
You knew the following spells:

 Your Spells              Type           Power        Failure   Level  Hunger
a - Blink                 Tloc           N/A          6%          2    ###....
b - Shroud of Golubria    Chrm/Tloc      #.........   14%         2    ###....


Dungeon Overview and Level Annotations

Branches:
Dungeon (2/15)

Altars:


Innate Abilities, Weirdness & Mutations

You cannot wear armour.
You are incapable of wielding weapons or throwing items.
Your paws allow you to move quietly. (Stealth)
You have sharp claws.
You have razor-sharp teeth.
You have supernaturally acute eyesight. (SInv)
You are carnivorous and can eat meat at any time.
You cover ground quickly.
You are covered in fur. (AC +1)
You have a slow metabolism.
Your sharp claws are effective at attacking unaware monsters.


Message History

Done exploring.
Done exploring.
Done exploring.
Done exploring.
Done exploring.
Done exploring.
(D) Dungeon
Where to? (? - help)
What level of the Dungeon? (default 1, ? - help)
There is a stone staircase leading down here.
You climb downwards.
There is a stone staircase leading up here.
A rat comes into view.
The rat bites you.
You barely miss the rat. The rat barely misses you.
You scratch the rat.
The rat is moderately wounded.
The rat misses you.
You scratch the rat.
You kill the rat!
No target in view!
No target in view!
Eating a chunk of flesh {@w0}.
You eat the chunk of flesh {@w0}.
This raw flesh tastes great.
You butcher the rat corpse.
f - a chunk of flesh {@w0} You open the door.
A hobgoblin comes into view. It is wielding a club.
Sorry, you're not good enough to have a special ability.
Cast which spell? (? or * to list)
Okay, then.
Unknown command.
Unknown command.
There is an open door here.
The hobgoblin shouts!
You barely miss the hobgoblin. The hobgoblin misses you.
You scratch the hobgoblin.
The hobgoblin is almost dead.
The hobgoblin misses you.
You scratch the hobgoblin but do no damage.
The hobgoblin is almost dead.
The hobgoblin completely misses you.
You scratch the hobgoblin.
You kill the hobgoblin!
Things that are here:
a club; a hobgoblin corpse You butcher the hobgoblin corpse.
f - 3 chunks of flesh {@w0} (gained 2)
You see here a club. x2
Found a stone staircase leading down.
An adder comes into view.
The adder hisses angrily.
You start resting.
HP restored.
You see here a pair of gloves.
You completely miss the adder. The adder bites you.
You are poisoned.
The adder poisons you! The adder closely misses you.
You barely miss the adder.
You feel sick. The adder barely misses you.
You scratch the adder. Your claw misses the adder.
The adder is moderately wounded.
The adder barely misses you.
You scratch the adder but do no damage.
The adder is moderately wounded.
You feel sick. The adder bites you but does no damage.
You closely miss the adder.
The adder is moderately wounded.
The adder closely misses you. The adder barely misses you.
You closely miss the adder.
The adder is moderately wounded.
The adder misses you.
You closely miss the adder.
The adder is lightly wounded.
You feel sick. The adder closely misses you.
You scratch the adder.
The adder is heavily wounded.
The adder bites you.
You closely miss the adder. You bite the adder, but do no damage.
The adder is heavily wounded.
The adder bites you. The adder completely misses you.
You scratch the adder.
The adder is severely wounded.
* * * LOW HITPOINT WARNING * * *
You feel sick. The adder misses you.
You aren't carrying any potions.
You aren't carrying any potions.
You aren't carrying any potions.
You aren't carrying any potions.
You aren't carrying any potions.
You aren't carrying any potions.
You closely miss the adder.
The adder is severely wounded.
The adder closely misses you.
You closely miss the adder.
The adder is severely wounded.
The adder closely misses you.
You scratch the adder but do no damage.
The adder is severely wounded.
The adder completely misses you. The adder bites you.
You die...

#.# #.###########
#.# #.....#......
#.# #............
#.#
....##.....#......
#.# ....##.....#
..... #.#
.....#...[.# ..S.
#.# #.
#..#.#.####.......
#.# #.##..#.#S#
......# #.#
#.##..#.#@# ......#
#.# #.##..#.#.#
...... #.#
#.##..#.#.# ......
#.# #.........#
...... #.#
#.........# #.#
#..)......#
#.#####....####.#
#.....'........>..
#######....########


You could see an adder.

Vanquished Creatures
  2 bats (D:1)
  2 giant cockroaches (D:1)
  A goblin (D:1)
  2 hobgoblins
  A ball python (D:1)
  A frilled lizard (D:1)
  2 rats
11 creatures vanquished.

Notes
Turn   | Place    | Note
-------+----------+-------------------------------------------
     0 | D:1      | Mgcat the Felid Warper began the quest for the Orb.
     0 | D:1      | Reached XP level 1. HP: 9/9 MP: 4/4
   157 | D:1      | Reached XP level 2. HP: 11/13 MP: 6/6
   161 | D:1      | Learned a level 2 spell: Blink
   164 | D:1      | Learned a level 2 spell: Shroud of Golubria
   616 | D:2      | HP: 3/13 [poisoned by an adder]
   619 | D:2      | Slain by an adder

Action                   || total
-------------------------++-------
Melee: Unarmed           ||    39
       Bite              ||     3
  Eat: Chunk             ||     7
Armor: Skin              ||     2
Dodge: Dodged            ||    27

Vault maps used:
D:1:      dpeg_arrival_rhombus
D:2:      nicolae_dithmenos_shadow_blocks

Table legend:
 A = Turns spent in this place as a percentage of turns spent in the entire game.
 B = Non-inter-level travel turns spent in this place as a percentage of non-inter-level travel turns spent in the entire game.
 C = Inter-level travel turns spent in this place as a percentage of turns spent in this place.
 D = Turns resting spent in this place as a percentage of non-inter-level travel turns spent in this place.
 E = Turns spent auto-exploring this place as a percentage of non-inter-level travel turns spent in this place.
 F = Non-inter-level travel turns spent in this place divided by the number of levels of this place that you've seen.
                   A       B       C       D       E      F
               +-------+-------+-------+-------+-------+----------------------
         Total | 100.0 | 100.0 |   3.2 |   0.3 |  80.5 | 299.5
       Dungeon | 100.0 | 100.0 |   3.2 |   0.3 |  80.5 | 299.5
               +-------+-------+-------+-------+-------+----------------------

Table legend:
 A = Kills in this place as a percentage of kills in entire the game.
 B = Kills by you in this place as a percentage of kills by you in the entire game.
 C = Kills by friends in this place as a percentage of kills by friends in the entire game.
 D = Other kills in this place as a percentage of other kills in the entire game.
 E = Experience gained in this place as a percentage of experience gained in the entire game.
 F = Experience gained in this place divided by the number of levels of this place that you have seen.
                   A       B       C       D       E      F
               +-------+-------+-------+-------+-------+----------------------
         Total | 100.0 | 100.0 |   N/A |   N/A | 100.0 |   9.0
       Dungeon | 100.0 | 100.0 |   N/A |   N/A | 100.0 |   9.0
               +-------+-------+-------+-------+-------+----------------------
